 Dungeon Crawl Stone Soup version 0.30-a0-715-gdb4ae3ece1 (webtiles) character file.

Game seed: 15352406060516316287

3187 PyroL the Geomancer (level 9, -2/45 HPs)
             Began as a Gargoyle Earth Elementalist on Jan 23, 2023.
             Was an Initiate of Vehumet.
             Slain by a gnoll sergeant
             ... wielding a +1 spear of freezing
              (4 damage)
             ... on level 8 of the Dungeon.
             The game lasted 00:13:17 (6838 turns).

PyroL the Geomancer (Gargoyle Earth Elementalist)   Turns: 6838, Time: 00:13:18

Health: -2/45      AC: 11    Str: 13    XL:     9   Next: 95%
Magic:  14/17      EV: 11    Int: 31    God:    Vehumet [......]
Gold:   445        SH:  0    Dex: 10    Spells: 9/19 levels left

rFire   . . .      SeeInvis .    y - +3 dagger (venom)
rCold   . . .      Faith    .    (no shield)
rNeg    + . .      Spirit   .    u - +0 robe
rPois   ∞          Reflect  .    F - +0 helmet
rElec   +          Harm     .    B - +0 cloak
rCorr   .          Rampage  .    C - +0 pair of gloves
Will    .....                    (no boots)
Stlth   ++                       s - amulet of magic regeneration
HPRegen 0.27/turn                z - +6 ring of intelligence
MPRegen 0.55/turn                E - +6 ring of intelligence

@: no status effects
A: sickness immunity, AC +6, negative energy resistance 1, electricity
resistance, torment resistance 1, petrification resistance
a: Renounce Religion


You were on level 8 of the Dungeon.
You worshipped Vehumet.
Vehumet was noncommittal.
You visited 2 branches of the dungeon, and saw 10 of its levels.
You also visited: Ossuary.

You collected 445 gold pieces.

Inventory:

Hand Weapons
 y - a +3 dagger of venom (weapon)
Missiles
 A - 18 poisoned darts
Armour
 u - a +0 robe (worn)
 B - a +0 cloak (worn)
 C - a +0 pair of gloves (worn)
 F - a +0 helmet (worn)
Jewellery
 s - an amulet of magic regeneration (around neck)
 z - a +6 ring of intelligence (left hand)
 E - a +6 ring of intelligence (right hand)
Wands
 t - a wand of polymorph (8)
Scrolls
 a - 4 scrolls of fear
 d - a scroll of enchant weapon
 e - 3 scrolls of poison
 i - 2 scrolls of immolation
 j - 4 scrolls of blinking
 k - 6 scrolls of teleportation
 p - a scroll of amnesia
 r - a scroll of brand weapon {unknown}
 v - 4 scrolls of enchant armour
 x - a scroll of magic mapping {unknown}
 D - a scroll of torment {unknown}
 G - a scroll of noise {unknown}
 H - a scroll of silence {unknown}
 K - a scroll of identify
Potions
 b - 3 potions of magic
 c - a potion of flight {unknown}
 f - 6 potions of mutation
 g - 4 potions of heal wounds
 h - a potion of cancellation
 l - a potion of invisibility {unknown}
 m - a potion of haste {unknown}
 n - 11 potions of curing {unknown}
 o - a potion of resistance {unknown}
 q - 3 potions of might {unknown}
 w - 3 potions of brilliance {unknown}
 I - a potion of attraction {unknown}
 J - a potion of degeneration {unknown}


   Skills:
 - Level 1.5 Dodging
 - Level 2.1 Stealth
 - Level 5.5 Spellcasting
 + Level 8.4 Conjurations
 - Level 0.7 Transmutations
 + Level 12.0 Earth Magic


You had 9 spell levels left.
You knew the following spells:

 Your Spells              Type           Power      Damage    Failure   Level
a - Sandblast             Erth           100%       2d20      1%          1
b - Passwall              Tmut/Erth      40%        N/A       1%          2
c - Stone Arrow           Conj/Erth      100%       3d13      1%          3
d - Petrify               Tmut/Erth      48%        N/A       3%          4

Your spell library contained the following spells:

 Spells                   Type           Power      Damage    Failure   Level
 Apportation              Tloc           16%        N/A       5%          1
 Necrotise                Necr           32%        1d5       5%          1
 Summon Small Mammal      Summ           32%        N/A       5%          1
 Ensorcelled Hibernation  Hex/Ice        16%        N/A       8%          2
 Scorch                   Fire           16%        2d5       8%          2
 Flame Wave               Conj/Fire      34%        2d10      9%          4
 Swiftness                Air            8%         N/A       16%         3
 Lightning Bolt           Conj/Air       17%        1d31      26%         5
 Airstrike                Air            4%         2d(1-17)  45%         4
 Summon Lightning Spire   Summ/Air       8%         N/A       45%         4
 Metabolic Englaciation   Hex/Ice        4%         N/A       82%         5
 Summon Cactus Giant      Summ           4%         N/A       100%        6
 Statue Form              Tmut/Erth      Unusable   N/A       N/A         6

Dungeon Overview and Level Annotations

Branches:
Dungeon (9/15)             Temple (1/1) D:7             Orc (0/2) D:9
Ossuary (visited)
   Lair: D:8-11

Altars:
Ashenzari
Cheibriados
Dithmenos
Fedhas
Gozag
Hepliaklqana
Kikubaaqudgha
Makhleb
Nemelex Xobeh
Okawaru
Qazlal
Ru
Sif Muna
Trog
Vehumet
Wu Jian
Xom
Yredelemnul
Zin
The Shining One

Shops:
D:9 ([


Innate Abilities, Weirdness & Mutations

You are immune to sickness and miasma.
Your stone body is resilient. (AC +6)
You are immune to poison.
You resist negative energy. (rN+)
You are resistant to electric shocks. (rElec)
You are resistant to unholy torment.
You are immune to petrification.


Message History

You kill the water moccasin!
Vehumet accepts your kill.
Your Earth Magic skill increases to level 12!
The blast of sand hits the gnoll sergeant.
The gnoll sergeant is moderately wounded.
The gnoll sergeant hits you from afar with a +1 spear of freezing.
The gnoll sergeant freezes you.
Casting: Sandblast (safe; 1% risk of failure)
Confirm with . or Enter, or press ? or * to list all spells.
Aiming: Stone Arrow (safe; 1% risk of failure)
Press: ? - help, Shift-Dir - straight line, f/p - gnoll sergeant
Aim: a gnoll sergeant, wielding a +1 spear of freezing, wearing a +0 ring mail and wearing a +0 kite shield (moderately wounded, 87% to hit)
The stone arrow misses the gnoll sergeant.
The stone arrow hits the lemure!
The lemure is moderately wounded.
The gnoll sergeant completely misses you.
The gnoll sergeant blocks the blast of sand.
The gnoll sergeant hits you but does no damage.
A steam dragon comes into view.
The gnoll sergeant hits you from afar with a +1 spear of freezing.
The gnoll sergeant freezes you.
The blast of sand hits the lemure!!
The lemure is almost dead.
The lemure hits you but does no damage.
The gnoll sergeant hits you from afar with a +1 spear of freezing!
The gnoll sergeant freezes you.
The blast of sand hits the lemure but does no damage.
The lemure is almost dead.
The lemure hits you but does no damage. The steam dragon breathes steam at you.
The ball of steam hits you!
* * * LOW HITPOINT WARNING * * *
The gnoll sergeant hits you but does no damage. x2
The lemure closely misses you.
You are too injured to fight recklessly!
You are engulfed in a cloud of scalding steam.
* * * LOW HITPOINT WARNING * * *
The lemure barely misses you.
The gnoll sergeant hits you from afar with a +1 spear of freezing.
You die...

#....... ......# ....#
..##...###.....# ._..#..
.......##......##...##...#
.......###................
.........................##
......###.......).........##
..#....#.....)8)..8........#
..##.............O..........
.....#......8..§@5g.8.......
.#...#.#....§.§...g.........
.....###....D§8...8g#.......
...##.......##.....#.....#
..[# #....D........#.###..#
...##...........#....g#
............#..##.####g....<.
..............#.... 5......
....##........... #o.....


You could see a two-headed ogre, a steam dragon (catching breath), a lemure, a
gnoll sergeant and 2 gnolls.

Vanquished Creatures
  Eustachio (D:5)
  2 yaks (D:9)
  Grum (D:7)
  A water moccasin (D:8)
  2 black bears (D:6)
  An orc warrior (D:9)
  A centaur (D:8)
  A wolf (D:7)
  2 phantoms
  2 lemures (D:8)
  3 bullfrogs (D:7)
  A necrophage (D:7)
  3 gnoll sergeants
  3 scorpions
  A water moccasin zombie (Ossuary)
  3 wights (D:7)
  6 hounds
  4 orc priests
  2 jellies
  2 iguanas
  Jessica (D:2)
  3 gnoll boudas (D:7)
  5 orc wizards
  2 mummies (Ossuary)
  25 gnolls
  4 adders
  3 ufetubi
  6 adder zombies (Ossuary)
  2 worms
  2 dart slugs
  16 orcs
  7 endoplasms
  2 giant cockroaches
  5 goblins
  2 hobgoblins (D:2)
  6 jackals (D:7)
  9 kobolds
  5 quokkas
  8 ball pythons
  7 bats
  4 frilled lizards
  6 hobgoblin zombies (Ossuary)
  6 kobold zombies (Ossuary)
  6 orc zombies (Ossuary)
  A quokka zombie (D:7)
  7 rats
  A rat zombie (D:7)
193 creatures vanquished.

Notes
Turn   | Place    | Note
-------+----------+-------------------------------------------
     0 | D:1      | PyroL the Gargoyle Earth Elementalist began the quest for
                  | the Orb.
     0 | D:1      | Reached XP level 1. HP: 10/10 MP: 3/3
   198 | D:1      | Reached skill level 4 in Earth Magic
   198 | D:1      | Reached XP level 2. HP: 12/15 MP: 1/5
   540 | D:1      | Reached XP level 3. HP: 15/19 MP: 0/6
  1469 | D:2      | Learned a level 2 spell: Passwall
  1473 | D:2      | Learned a level 3 spell: Stone Arrow
  1619 | D:2      | Noticed Jessica
  1621 | D:2      | Killed Jessica
  1622 | D:2      | Reached skill level 5 in Earth Magic
  1622 | D:2      | Reached XP level 4. HP: 24/24 MP: 5/8
  2072 | D:3      | Reached XP level 5. HP: 21/28 MP: 8/10
  2556 | D:3      | Found a faded altar of an unknown god.
  2706 | D:4      | Reached skill level 6 in Earth Magic
  2706 | D:4      | Reached XP level 6. HP: 16/32 MP: 9/12
  2882 | D:4      | Found a blossoming altar of Fedhas.
  3355 | D:4      | Found a glowing golden altar of the Shining One.
  3524 | D:5      | Entered Level 5 of the Dungeon
  3613 | D:5      | Noticed Eustachio
  3628 | D:5      | Killed Eustachio
  3629 | D:5      | Reached XP level 7. HP: 36/36 MP: 11/14
  3732 | D:5      | Reached skill level 5 in Spellcasting
  3732 | D:5      | Reached skill level 7 in Earth Magic
  4442 | D:6      | Reached skill level 1 in Conjurations
  4450 | D:6      | Reached skill level 8 in Earth Magic
  4450 | D:6      | Reached XP level 8. HP: 38/41 MP: 14/16
  4591 | D:6      | You fall into a shaft and drop 3 floors!
  4594 | D:9      | Noticed a yak
  4596 | D:9      | Killed a yak
  4597 | D:9      | Reached skill level 9 in Earth Magic
  4619 | D:9      | Noticed a troll
  4622 | D:9      | Noticed a yak
  4624 | D:9      | Noticed a wraith
  4793 | D:9      | Found Daptah's Armour Boutique.
  4795 | D:9      | Found a staircase to the Orcish Mines.
  4797 | D:9      | Found Ebbag's Weapon Boutique.
  4798 | D:9      | Noticed a yak
  4798 | D:9      | Noticed a yak
  4798 | D:9      | Noticed a yak
  4799 | D:9      | Noticed a yak
  4800 | D:9      | Noticed a yak
  5030 | D:9      | Noticed a yak
  5030 | D:9      | Noticed a yak
  5030 | D:9      | Noticed a yak
  5030 | D:9      | Noticed a yak
  5030 | D:9      | Noticed a yak
  5058 | D:9      | Killed a yak
  5059 | D:9      | Reached skill level 5 in Conjurations
  5106 | D:8      | Noticed a two-headed ogre
  5360 | D:8      | Found a shadowy altar of Dithmenos.
  5374 | D:7      | Reached skill level 10 in Earth Magic
  5387 | D:7      | Reached XP level 9. HP: 37/45 MP: 15/17
  5580 | D:7      | Noticed Grum
  5583 | D:7      | Killed Grum
  5584 | D:7      | Reached skill level 11 in Earth Magic
  5676 | D:7      | HP: 1/45 [gnoll sergeant/+0 spear (4)]
  5709 | D:7      | Found a sand-covered staircase.
  5718 | Ossuary  | Entered an ossuary
  5796 | Ossuary  | Learned a level 4 spell: Petrify
  6297 | D:7      | Found a staircase to the Ecumenical Temple.
  6315 | Temple   | Entered the Ecumenical Temple
  6338 | Temple   | Became a worshipper of Vehumet
  6672 | D:7      | Found an ornate altar of the Wu Jian Council.
  6833 | D:8      | Reached skill level 12 in Earth Magic
  6838 | D:8      | HP: 2/45 [something] (7)]
  6838 | D:8      | Slain by a gnoll sergeant

Illustrated notes

Levels and vault maps discovered:
D:1:      nzn_arrival_settlement, layout_rooms, minmay_octomino_c4
D:2:      minmay_spotlight, layout_basic, uniq_jessica
D:3:      layout_loops_ring, shapermc_ecumenical_altar_flowoftime
D:4:      layout_loops_ring, nicolae_tso_swordbearing_angel, fedhas_altar_3
D:5:      layout_loops_corners, minmay_statues_item, uniq_eustachio
D:6:      layout_basic, hangedman_decor_points
D:7:      layout_cave_pools, kennysheep_mini_moat, minmay_temple_entry_arrows,
          enter_ossuary_4, serial_gnoll_camp, gnoll_camp_mini_basic,
          gnoll_camp_mini_hut, gnoll_camp_medium_02, grums_kennel,
          gnoll_camp_mini_hut, lemuel_flamethrower_2
D:8:      layout_cave_pools, mainiacjoe_overflow_alcove_1, grunt_ministairs_2,
          uniq_pikel
D:9:      layout_stronghold, marbit_many_paths, orc_david_3,
          nicolae_fountain_basement
Temple:   eino_temple_scatter_basement

Skill      XL: |  1  2  3  4  5  6  7  8  9 |
---------------+----------------------------+-----
Earth Magic    | 4 5 6 8 10 12 | 12.0
Spellcasting   | 3 4 5 |  5.5
Conjurations   | 2 5 8 |  8.4
Dodging        | |  1.5
Stealth        | |  2.1
Transmutations | |  0.7

Action                     |  1- 3 |  4- 6 |  7- 9 || total
---------------------------+-------+-------+-------++-------
  Melee: Unarmed           |    11 |     1 |       ||    12
         Dagger            |       |     5 |    12 ||    17
   Cast: Sandblast         |    57 |    63 |   185 ||   305
         Stone Arrow       |       |       |     5 ||     5
    Use: Scroll            |     3 |     5 |     7 ||    15
         Potion            |       |       |     1 ||     1
 Armour: Robe              |    19 |    16 |    57 ||    92
  Dodge: Dodged            |    22 |    21 |    73 ||   116

Table legend: (Time is in decaauts)
 A = Elapsed time spent in this place.
 B = Non-inter-level travel time spent in this place.
 C = Inter-level travel time spent in this place.
 D = Time resting spent in this place.
 E = Time spent auto-exploring this place.
 F = Levels seen in this place.
 G = Mean time per level.
                   A        B        C        D        E       F      G
               +--------+--------+--------+--------+--------+-----+--------+
         Total |   6989 |   6649 |    340 |    508 |   4613 |  11 |  635.4 |
       Dungeon |   6603 |   6282 |    321 |    452 |   4405 |   9 |  733.7 |
        Temple |    163 |    144 |     19 |      0 |    120 |   1 |  163.0 |
       Ossuary |    222 |    222 |      0 |     56 |     88 |   1 |  222.0 |
               +--------+--------+--------+--------+--------+-----+--------+

Top non-repeatable levels by time:
     D:2: 1019 daAuts
     D:5: 896 daAuts
     D:1: 892 daAuts
     D:7: 881 daAuts
     D:4: 875 daAuts
     D:3: 793 daAuts
     D:9: 509 daAuts
     D:6: 419 daAuts
     D:8: 314 daAuts
 Ossuary: 222 daAuts
  Temple: 163 daAuts
